 Dungeon Crawl Stone Soup version 0.26.1-11-gd32895ea62 (webtiles) character file.

Game seed: 8127935247941077322

62 Descartes the Ducker (level 3, 0/15 HPs)
             Began as a Felid Transmuter on May 6, 2021.
             Slain by a frilled lizard (3 damage)
             ... on level 1 of the Dungeon.
             The game lasted 00:02:27 (1317 turns).

Descartes the Ducker (Felid Transmuter)             Turns: 1317, Time: 00:02:28

Health: 0/15       AC:  1    Str:  7    XL:     3   Next: 85%
Magic:  7/7        EV: 19    Int: 14    God:
Gold:   103        SH:  0    Dex: 16    Spells: 5/6 levels left
                                        Lives:  0   Deaths: 0

rFire    . . .     SeeInvis +     - Unarmed
rCold    . . .     Faith    .   (shield unavailable)
rNeg     . . .     Spirit   .   (armour unavailable)
rPois    .         Reflect  .   (helmet unavailable)
rElec    .         Harm     .   (cloak unavailable)
rCorr    .         Rampage  .   (gloves unavailable)
Will     .....                  (boots unavailable)
Stlth    +++.......             (no amulet)
HPRegen  0.05/turn              (no ring)
MPRegen  0.10/turn              (no ring)

@: quick
A: very small, no armour, no weapons or thrown items, stealth, claws 1, fangs 3,
see invisible, speed 1, shaggy fur 1, sharp paws
a: no special abilities


You were on level 1 of the Dungeon.
You visited 1 branch of the dungeon, and saw 2 of its levels.

You collected 103 gold pieces.

Inventory:

Missiles
 b - 20 stones
Scrolls
 a - a scroll of teleportation {unknown}
 c - 2 scrolls of identify {unknown}
Potions
 d - a potion of cancellation {unknown}
 e - a potion of heal wounds {unknown}
 f - 2 potions of attraction {unknown}
 g - a potion of flight {unknown}


   Skills:
 - Level 1.0 Fighting
 + Level 3.9 Dodging
 + Level 2.8 Stealth
 + Level 3.7 Unarmed Combat
 - Level 2.0 Spellcasting
 - Level 2.1 Transmutations


You had 5 spell levels left.
You knew the following spells:

 Your Spells              Type           Power        Failure   Level
a - Beastly Appendage     Tmut           14%          10%         1

Your spell library contained the following spells:

 Spells                   Type           Power        Failure   Level
 Wereblood                Tmut           7%           14%         2
 Spider Form              Tmut/Pois      2%           41%         3
 Ice Form                 Ice/Tmut       4%           83%         4
 Blade Hands              Tmut           3%           95%         5


Dungeon Overview and Level Annotations

Branches:
Dungeon (2/15)

Altars:


Innate Abilities, Weirdness & Mutations

You cannot wear armour.
You are incapable of wielding weapons or throwing items.
Your paws allow you to move quietly. (Stealth)
You have sharp claws.
You have razor-sharp teeth.
You have supernaturally acute eyesight. (SInv)
You cover ground quickly.
You are covered in fur. (AC +1)
Your sharp claws are effective at attacking unaware monsters.


Message History

You scratch the giant cockroach.
You kill the giant cockroach!
The frilled lizard closely misses you. The worm bites you!
Ouch! That really hurt!
* * * LOW HITPOINT WARNING * * *
You are too injured to fight recklessly!
You are too injured to fight recklessly!
There is a stone staircase leading up here.
The worm bites you.
* * * LOW HITPOINT WARNING * * *
The frilled lizard closely misses you.
You climb upwards.
There is a stone staircase leading down here.
You closely miss the frilled lizard.
The frilled lizard completely misses you.
You barely miss the frilled lizard. The frilled lizard closely misses you.
You closely miss the frilled lizard. Your bite misses the frilled lizard.
The frilled lizard completely misses you.
You closely miss the frilled lizard. The frilled lizard bites you.
You die...

#.#..## #...# #........). #.##..#
#...# #.......... #..##.## #...#
#.......... ##.....###...#
#.......... ###.#.......#
#####....## # ##..........#
#...### ## #.....##....# #.#.###
.########.###.##....# ##.#..##
..........###.##@#### ##..##.##
...#####......##l########...##...
##..###...............##..#.####.
##.#...##......w..##.....#.##...
###...####.........##..#.......##
.....#####............#..##..####
.................................
.###..####..............###....##
#..............>.....##.###.##.##


You could see a worm and a frilled lizard.

Vanquished Creatures
  2 adders (D:2)
  A leopard gecko (D:1)
  2 ball pythons
  6 bats
  4 giant cockroaches
  6 goblins
  2 hobgoblins
  7 jackals (D:1)
  A ball python zombie (D:2)
  2 frilled lizards (D:1)
  2 kobolds (D:1)
  4 rats (D:1)
39 creatures vanquished.

Notes
Turn   | Place    | Note
-------+----------+-------------------------------------------
     0 | D:1      | Descartes the Felid Transmuter began the quest for the Orb.
     0 | D:1      | Reached XP level 1. HP: 9/9 MP: 4/4
    33 | D:1      | Reached skill level 1 in Stealth
    57 | D:1      | Reached XP level 2. HP: 12/12 MP: 6/6
   525 | D:1      | Reached XP level 3. HP: 12/15 MP: 7/7
  1317 | D:1      | Slain by a frilled lizard

Illustrated notes

Levels and vault maps discovered:
D:1:      dpeg_arrival_windows_large_door, layout_rooms
D:2:      layout_loops_ring, st_stairs_1, minmay_rat_hole, uniq_terence

Skill      XL: |  1  2 |
---------------+-------+-----
Stealth        | 1 2 |  2.8
Dodging        | 3 |  3.9
Fighting       | |  1.0
Unarmed Combat | |  3.7
Spellcasting   | |  2.0
Transmutations | |  2.1

Action                   || total
-------------------------++-------
Melee: Unarmed           ||   119
       Bite              ||    10
       Punch             ||     2
 Stab: Sleeping          ||     2
Armor: Skin              ||     9
Dodge: Dodged            ||   134
